 Dungeon Crawl Stone Soup version 0.22-a0-362-g535178c (webtiles) character file.

1018 Serpenta the Chopper (level 8, -3/58 HPs)
             Began as a Mummy Chaos Knight on Apr 20, 2018.
             Slain by a fire vortex (22 damage)
             ... summoned by the capriciousness of Xom
             ... on level 7 of the Dungeon.
             The game lasted 00:13:05 (6882 turns).

Serpenta the Chopper (Mummy Chaos Knight)           Turns: 6882, Time: 00:13:05

Health: -3/58      AC: 11    Str: 17    XL:     8   Next: 2%
Magic:  11/11      EV: 11    Int: 11    God:    Xom [...*..]
Gold:   202        SH:  0    Dex: 12    Spells: 7/7 levels left

rFire    . . .     SeeInvis .   t - +1 hand axe (freeze)
rCold    + . .     Gourm    .   (no shield)
rNeg     + + +     Faith    .   b - +2 leather armour
rPois    ∞         Spirit   .   h - +2 helmet
rElec    .         Reflect  .   q - +0 cloak
rCorr    .         Harm     .   g - +0 pair of gloves
MR       +....                  v - +0 pair of boots
Stlth    +.........             (no amulet)
HPRegen  0.19/turn              c - ring of protection from cold
MPRegen  0.12/turn              r - ring of fire

@: no status effects
A: no food or potions, fire vulnerability, cold resistance 1, negative energy
resistance 3, torment resistance, unbreathing
a: Renounce Religion


You were on level 7 of the Dungeon.
You worshipped Xom.
You were a favourite toy of Xom.
You were not hungry.

You visited 1 branch of the dungeon, and saw 7 of its levels.
You also visited: Sewer.

You collected 202 gold pieces.


Innate Abilities, Weirdness & Mutations

You do not eat or drink.
Your flesh is vulnerable to fire.
You are immune to poison.
Your flesh is cold resistant. (rC+)
You are immune to negative energy. (rN+++)
You are immune to unholy pain and torment.
You can survive without breathing.


   Skills:
 - Level 3.0 Fighting
 + Level 6.4 Axes
 - Level 1.5 Armour
 - Level 0.7 Dodging
 + Level 4.7 Evocations


You had 7 spell levels left.
You didn't know any spells.

Action                   |  1- 3 |  4- 6 |  7- 9 || total
-------------------------+-------+-------+-------++-------
Melee: Hand axe          |   143 |   178 |   113 ||   434
Throw: Javelin           |       |     7 |       ||     7
Evoke: Wand              |       |     3 |     3 ||     6
  Use: Scroll            |     3 |     7 |     1 ||    11
 Stab: Confused          |     1 |       |       ||     1
       Sleeping          |       |       |     1 ||     1
Armor: Leather armour    |    69 |    69 |    38 ||   176
Dodge: Dodged            |    81 |    86 |    44 ||   211

Inventory:

Hand Weapons
 a - a +0 hand axe of chaos
 t - a +1 hand axe of freezing (weapon)
Missiles
 k - 5 javelins (quivered)
Armour
 b - a +2 leather armour (worn)
 g - a +0 pair of gloves (worn)
 h - a +2 helmet (worn)
 q - a +0 cloak (worn)
 v - a +0 pair of boots (worn)
Jewellery
 c - a ring of protection from cold (left hand)
 d - an uncursed ring of protection from cold
 n - an uncursed ring of fire
 o - the ring "Itramam" {*Tele rC+ rN+ Str-3}
   (You found it on level 4 of the Dungeon)

   [ring of teleportation]

   It may teleport you next to monsters.
   It affects your strength (-3).
   It protects you from cold.
   It protects you from negative energy.
 r - a ring of fire (right hand)
 s - an uncursed ring of stealth
Wands
 e - a wand of iceblast (11)
 j - a wand of acid (14) {god gift}
Scrolls
 f - 2 scrolls of remove curse
 i - a scroll of amnesia
 l - a scroll of vulnerability {unknown}
 m - 3 scrolls of teleportation
 p - 2 scrolls of identify
 u - a scroll of magic mapping

#........#
#######.#†#
......(#..#
#.### #.#
#.# #v# #)#
#@# #.# #.#
#.# #.. ###


You could see a fire vortex.

Vanquished Creatures
  An ogre (D:5)
  A centaur (D:7)
  A big kobold (Sewer)
  2 bullfrogs
  2 wyvern zombies
  A scorpion (D:6)
  An iguana (D:4)
  Jessica (D:3)
  An orc wizard (D:4)
  4 worker ants
  3 adders
  4 gnolls (D:5)
  4 river rats
  2 shadow imps (D:6)
  2 oozes
  An adder zombie (D:5)
  2 adder skeletons
  2 worms (D:2)
  A leopard gecko (D:2)
  5 orcs
  4 ball pythons
  7 giant cockroaches
  4 goblins
  11 hobgoblins
  9 jackals
  4 quokkas
  8 bats
  3 frilled lizards
  8 kobolds
  A leopard gecko zombie (D:5)
  A quokka skeleton (D:6)
  13 rats
114 creatures vanquished.

Vanquished Creatures (collateral kills)
  A wraith (D:6)
  An orc wizard (D:6)
  3 orcs
5 creatures vanquished.

Vanquished Creatures (others)
  Natasha (D:3)
  A shadow imp (D:6)
  A kobold (D:3)
  A rat (D:2)
4 creatures vanquished.

Grand Total: 123 creatures vanquished

Vault maps used:
D:1:      lemuel_arrival_muddy, minmay_pentomino_x4
D:2:      kennysheep_generic_room_7
D:3:      first_ration, uniq_natasha, uniq_jessica
D:4:      st_stairs_6, tso_metal_star
D:5:      portal_sewer_entry_e, nicolae_dithmenos_the_darkroom
D:6:      minmay_temple_entry_nine_rooms, hangedman_decor_clover_reticule
D:7:      kennysheep_mini_moat, uniq_joseph, uniq_menkaure
Sewer:    sewer_kobolds


Message History

Aim: a wyvern zombie (heavily damaged)
Okay, then.
Evoke which item? (* to show all) (? for menu, Esc to quit)
Aiming: Corrosive Bolt
Press: ? - help, Shift-Dir - straight line, f - wyvern zombie
Aim: a wyvern zombie (heavily damaged)
The bolt of acid hits the wyvern zombie.
The wyvern zombie is splashed with acid.
The acid corrodes the wyvern zombie!
You destroy the wyvern zombie!
You have reached level 8!
Items here: ( ) †† a shortbow; 19 arrows; a quokka corpse; a centaur corpse
There is a stone staircase leading up here.
You start resting.
Xom notices you.
Fire whirls out from your hands! 2 fire vortices come into view.
The fire vortex hits you. The fire vortex burns you!
You die...

Notes
Turn   | Place    | Note
-------+----------+-------------------------------------------
     0 | D:1      | Serpenta the Mummy Chaos Knight began the quest for the Orb.
     0 | D:1      | Reached XP level 1. HP: 18/18 MP: 1/1
   187 | D:1      | Reached XP level 2. HP: 24/24 MP: 2/2
   215 | D:1      | Reached skill level 3 in Axes
   592 | D:1      | XOM: harmless Conj miscast
   623 | D:1      | XOM: divination: detect creatures
   629 | D:1      | Reached XP level 3. HP: 29/29 MP: 3/3
   953 | D:2      | XOM: scenery: create altars
  1180 | D:2      | XOM: scenery: 2 doors open
  1221 | D:2      | XOM: 6-stop teleportation journey
  1267 | D:2      | XOM: mild Air miscast
  1466 | D:2      | XOM: divination: detect items
  1503 | D:2      | Reached skill level 4 in Axes
  1895 | D:2      | XOM: stat loss: -1 Int (10/11)
  1967 | D:3      | XOM: stat loss: -1 Dex (10/11)
  2081 | D:3      | Reached XP level 4. HP: 35/35 MP: 4/4
  2124 | D:3      | XOM: god gift: wand of acid (9) {god gift}
  2232 | D:3      | Noticed Jessica
  2233 | D:3      | XOM: scenery: create altars
  2243 | D:3      | Killed Jessica
  2260 | D:3      | XOM: god gift: scroll labeled ROCOXE UROUVE {god gift}
  2356 | D:3      | XOM: summons 3 hostile shadow creatures
  2449 | D:3      | Noticed Natasha
  2453 | D:3      | Killed Natasha
  2453 | D:3      | XOM: divine lightning
  2469 | D:3      | XOM: cloud trail
  2650 | D:4      | Got a sparkling amber ring
  2652 | D:4      | Identified the ring "Itramam" {*Tele rC+ rN+ Str-3} (You found it on level 4 of the Dungeon)
  2659 | D:4      | XOM: polymorph adder -> river rat
  2662 | D:4      | Reached skill level 1 in Evocations
  2794 | D:4      | Reached XP level 5. HP: 21/41 MP: 4/6
  2807 | D:4      | XOM: enchant monster (good)
  2809 | D:4      | XOM: summons friendly iron imp
  2835 | D:4      | XOM: polymorph iron imp -> quasit
  2970 | D:4      | XOM: 2-stop teleportation journey
  3004 | D:4      | XOM: god gift: trident {god gift}
  3051 | D:4      | Found a glowing golden altar of the Shining One.
  3109 | D:4      | XOM: confuse monster(s)
  3404 | D:4      | XOM: cleaving
  3683 | D:5      | Entered Level 5 of the Dungeon
  3702 | D:5      | XOM: divination: magic mapping
  3765 | D:5      | Reached XP level 6. HP: 14/47 MP: 7/7
  4030 | D:5      | XOM: divination: magic mapping
  4042 | D:5      | Found a shadowy altar of Dithmenos.
  4241 | D:5      | Reached skill level 5 in Axes
  4241 | D:5      | XOM: polymorph river rat -> bat
  4248 | D:5      | Found a glowing drain.
  4266 | Sewer    | Entered a sewer
  4402 | Sewer    | XOM: summons friendly crimson imp
  4422 | Sewer    | Found a glowing silver altar of Zin.
  4680 | D:5      | XOM: god gift: scroll of enchant armour {god gift}
  5146 | D:6      | Reached XP level 7. HP: 52/52 MP: 9/9
  5271 | D:6      | XOM: mild Chrm miscast
  5345 | D:6      | Noticed a wraith
  5405 | D:6      | XOM: scenery: create altars
  5545 | D:6      | XOM: cast spell 'Summon Mana Viper'
  5702 | D:6      | XOM: god gift: 10 sling bullets {god gift}
  5779 | D:6      | XOM: summons 3 friendly demons
  5783 | D:6      | XOM: cast spell 'Shadow Creatures'
  5793 | D:6      | Killed a wraith
  5793 | D:6      | Reached skill level 6 in Axes
  5973 | D:6      | XOM: 1-stop teleportation journey
  6179 | D:6      | XOM: divination: detect creatures
  6272 | D:6      | Found a staircase to the Ecumenical Temple.
  6473 | D:6      | XOM: cloud trail
  6868 | D:7      | Reached XP level 8. HP: 16/58 MP: 11/11
  6881 | D:7      | XOM: mild Fire miscast
  6882 | D:7      | Slain by a fire vortex
